 Dungeon Crawl Stone Soup version 0.29.1-15-g9cfb28693d (webtiles) character file.

Game seed: 8083198177864718932

2466 safid the Frost Mage (level 9, -2/73 HPs)
             Began as a Merfolk Ice Elementalist on Apr 10, 2023.
             Was an Initiate of Vehumet.
             Slain by Erica
             ... wielding a +2 scimitar of flaming
              (6 damage)
             ... on level 8 of the Dungeon.
             The game lasted 00:13:19 (7392 turns).

safid the Frost Mage (Merfolk Ice Elementalist)     Turns: 7392, Time: 00:13:20

Health: -2/73      AC:  3    Str:  9    XL:     9   Next: 51%
Magic:  11/19      EV: 12    Int: 18    God:    Vehumet [......]
Gold:   538        SH:  0    Dex: 14    Spells: 14/21 levels left

rFire   . . .      SeeInvis .   o - +4 spear (vorpal)
rCold   . . .      Faith    .   (no shield)
rNeg    + . .      Spirit   .   a - +0 robe
rPois   +          Reflect  .   (no helmet)
rElec   .          Harm     .   y - +0 cloak
rCorr   .          Rampage  .   (no gloves)
Will    .....                   (no boots)
Stlth   ++........              j - amulet of regeneration
HPRegen 1.02/turn               q - ring of positive energy
MPRegen 0.16/turn               G - ring of poison resistance

@: freezing walls
A: (nimble swimmer 2), mertail
a: Renounce Religion


You were on level 8 of the Dungeon.
You worshipped Vehumet.
Vehumet was noncommittal.
You visited 2 branches of the dungeon, and saw 9 of its levels.
You also visited: Ossuary.

You collected 538 gold pieces.

Inventory:

Hand Weapons
 o - a +4 vorpal spear (weapon)
Armour
 a - a +0 robe (worn)
 y - a +0 cloak (worn)
Jewellery
 j - an amulet of regeneration (around neck)
 q - a ring of positive energy (left hand)
 s - a ring of see invisible
 C - a ring of willpower
 G - a ring of poison resistance (right hand)
Wands
 g - a wand of paralysis (9)
 x - a wand of roots (8)
Scrolls
 e - 3 scrolls of poison {unknown}
 f - a scroll of amnesia {unknown}
 i - 3 scrolls of magic mapping
 k - a scroll of fear {unknown}
 l - 2 scrolls of identify
 m - 3 scrolls of enchant armour
 p - 2 scrolls of blinking
 r - a scroll of noise {unknown}
 u - 5 scrolls of teleportation {unknown}
 v - 2 scrolls of immolation {unknown}
 A - a scroll of enchant weapon {unknown}
 H - a scroll of silence {unknown}
Potions
 b - 2 potions of magic
 c - 9 potions of attraction {unknown}
 d - 7 potions of curing {unknown}
 h - 2 potions of mutation {unknown}
 n - 3 potions of ambrosia {unknown}
 t - 3 potions of degeneration {unknown}
 w - a potion of berserk rage {unknown}
 z - 3 potions of lignification {unknown}
 B - a potion of invisibility {unknown}
 D - a potion of brilliance {unknown}
 E - a potion of heal wounds {unknown}
 F - a potion of haste {unknown}


   Skills:
 + Level 7.7 Fighting
 - Level 2.6 Dodging
 - Level 2.1 Stealth
 + Level 6.9 Spellcasting
 + Level 9.1 Ice Magic


You had 14 spell levels left.
You knew the following spells:

 Your Spells              Type           Power      Damage    Failure   Level
a - Freeze                Ice            100%       1d11      1%          1
b - Frozen Ramparts       Ice            78%        1d12      1%          3
c - Ozocubu's Armour      Ice            39%        N/A       1%          3

Your spell library contained the following spells:

 Spells                   Type           Power      Damage    Failure   Level
 Shock                    Conj/Air       24%        1d4       11%         1
 Hailstorm                Conj/Ice       22%        3d7       17%         4
 Swiftness                Air            6%         N/A       32%         3
 Airstrike                Air            3%         2d(1-17)  73%         4
 Animate Armour           Summ/Erth      12%        N/A       73%         4
 Ozocubu's Refrigeration  Ice            19%        4d11      91%         7
 Blade Hands              Tmut           3%         N/A       97%         5
 Iron Shot                Conj/Erth      3%         9d2       100%        6


Dungeon Overview and Level Annotations

Branches:
Dungeon (8/15)             Temple (1/1) D:7         Ossuary (visited)
   Lair: D:8-11

Altars:
Ashenzari
Cheibriados
Dithmenos
Elyvilon
Fedhas
Gozag
Hepliaklqana
Kikubaaqudgha
Makhleb
Nemelex Xobeh
Okawaru
Qazlal
Sif Muna
Trog
Uskayaw
Vehumet
Wu Jian
Xom
Yredelemnul
Zin
The Shining One

Shops:
D:6 (

Annotations:
D:5 3 runed translucent doors, LustLizard's ghost, novice KoBr
D:8 Erica


Innate Abilities, Weirdness & Mutations

((You are very nimble when in or above water. (Stealth+, EV+, Speed+++)))
Your lower body shifts to a powerful aquatic tail in water.


Message History

The walls around you are covered in ice.
The orc hits you but does no damage.
The wall freezes the orc!
You kill the orc!
Vehumet accepts your kill.
The wall freezes something!
You hit the orc but do no damage.
The orc is heavily wounded.
The wall freezes something!
You hear some strange, mumbled words.
A lance of force appears from out of thin air!
The lance of force hits you!
Your icy armour cracks and falls away as you move.
The frozen ramparts melt away as you move.
You are knocked back by the lance of force.
The kobold throws a stone.
The stone misses you.
You completely miss the orc.
The orc is heavily wounded.
The orc barely misses you.
You hit the orc.
You kill the orc!
Vehumet accepts your kill.
The kobold hits you with a +0 short sword.
Something hits you. Something burns you.
Unknown command.
Something hits you!
* * * LOW HITPOINT WARNING * * *
Something burns you.
* * * LOW HITPOINT WARNING * * *
The kobold hits you but does no damage.
Casting: Frozen Ramparts (safe; 1% risk of failure)
Confirm with . or Enter, or press ? or * to list all spells.
Casting: Frozen Ramparts (safe; 1% risk of failure)
Press: ? - help, Dir - look around, f - activate The walls around you are covered in ice.
The kobold hits you with a +0 short sword.
* * * LOW HITPOINT WARNING * * *
The wall freezes something.
Something hits you!
* * * LOW HITPOINT WARNING * * *
Something burns you.
You die...

.......#.....#
.....@#.....#
.....#....)#
#...#....)#
#...#)..).#
+...#)....#
#...'))..)#
#..>#<).K{#
#...#.)..@#
#...#.....+
#...#.....#
#...#.....#
#####.....#
.....###
......# ......


You could see a kobold.

Vanquished Creatures
  A komodo dragon (D:6)
  Sigmund (D:3)
  Eustachio (D:6)
  2 ice beasts (D:6)
  2 black bears (D:6)
  An ogre (D:5)
  A centaur (D:6)
  3 kobold brigands
  Blork the orc (D:6)
  2 bullfrogs (D:7)
  3 scorpions
  A wight (D:6)
  3 howler monkeys (D:7)
  A jelly (D:4)
  4 hounds
  6 iguanas
  2 orc wizards
  8 mummies (Ossuary)
  4 adders
  7 gnolls
  A shadow imp (D:7)
  2 ufetubi
  2 worms
  2 dart slugs
  12 orcs
  5 ball pythons
  8 endoplasms
  3 giant cockroaches
  6 goblins
  2 hobgoblins
  11 kobolds
  4 quokkas
  2 bats (D:1)
  A gnoll zombie (Ossuary)
  2 hobgoblin zombies (Ossuary)
  4 kobold zombies (Ossuary)
  An orc zombie (Ossuary)
  3 rats
125 creatures vanquished.

Notes
Turn   | Place    | Note
-------+----------+-------------------------------------------
     0 | D:1      | safid the Merfolk Ice Elementalist began the quest for the
                  | Orb.
     0 | D:1      | Reached XP level 1. HP: 13/13 MP: 3/3
   462 | D:1      | Reached XP level 2. HP: 20/20 MP: 5/5
   565 | D:1      | Reached skill level 1 in Fighting
  1235 | D:2      | Reached XP level 3. HP: 15/26 MP: 0/6
  1282 | D:2      | Learned a level 3 spell: Frozen Ramparts
  1610 | D:2      | Reached skill level 5 in Ice Magic
  1612 | D:2      | Reached XP level 4. HP: 3/33 MP: 3/8
  1850 | D:2      | Learned a level 3 spell: Ozocubu's Armour
  2173 | D:3      | Found a faded altar of an unknown god.
  2173 | D:3      | Noticed Sigmund
  2186 | D:3      | Killed Sigmund
  2187 | D:3      | Reached XP level 5. HP: 39/41 MP: 6/10
  2187 | D:3      | Reached XP level 6. HP: 45/47 MP: 6/11
  3057 | D:4      | Found a burning altar of Makhleb.
  3198 | D:4      | Reached skill level 6 in Ice Magic
  3759 | D:4      | Reached XP level 7. HP: 50/54 MP: 13/13
  3965 | D:5      | Entered Level 5 of the Dungeon
  4323 | D:5      | Found a runed translucent gate.
  4324 | D:5      | Found a runed translucent gate.
  4324 | D:5      | Found a runed translucent gate.
  4327 | D:5      | Noticed LustLizard's ghost (novice KoBr)
  4331 | D:5      | Identified the +7 dagger of Parts Unknown {freeze, Will+
                  | Int+6 Stlth+}
  4568 | D:6      | Found a shimmering altar of Xom.
  4572 | D:6      | Found a glowing silver altar of Zin.
  4577 | D:6      | Found an ancient bone altar of Kikubaaqudgha.
  4665 | D:6      | Reached skill level 5 in Fighting
  4718 | D:6      | Noticed Eustachio
  4733 | D:6      | Reached skill level 7 in Ice Magic
  4743 | D:6      | Killed Eustachio
  4744 | D:6      | Reached skill level 5 in Spellcasting
  4744 | D:6      | Reached XP level 8. HP: 61/63 MP: 2/15
  4985 | D:6      | Found Keaxaol's Antique Weapon Boutique.
  5306 | D:6      | Noticed a komodo dragon
  5318 | D:6      | Killed a komodo dragon
  5319 | D:6      | Reached skill level 8 in Ice Magic
  5342 | D:6      | Noticed Blork the orc
  5347 | D:6      | Killed Blork the orc
  5362 | D:6      | Reached XP level 9. HP: 38/71 MP: 7/18
  5952 | D:7      | Found a sand-covered staircase.
  5960 | Ossuary  | Entered an ossuary
  6901 | D:7      | Reached skill level 9 in Ice Magic
  6939 | D:7      | Found a staircase to the Ecumenical Temple.
  6948 | Temple   | Entered the Ecumenical Temple
  7128 | Temple   | Became a worshipper of Vehumet
  7330 | D:8      | Noticed Erica
  7392 | D:8      | Slain by Erica

Illustrated notes

Levels and vault maps discovered:
D:1:      erik_arrival_triangle_medium, layout_loops_corners
D:2:      layout_loops_cross
D:3:      layout_loops_cross, shapermc_ecumenical_altar_ellora, uniq_sigmund
D:4:      layout_basic, bloody_makhleb
D:5:      layout_rooms, biasface_ghost_orc_armoury
D:6:      layout_loops_ring, grunt_temple_overflow_diamond,
          chequers_serial_rivers_small_3, nicolae_take_the_stairs,
          minmay_joined_circles, uniq_blork_the_orc, uniq_eustachio
D:7:      layout_loops_corners, temple_hall, nicolae_ossuary_entry_ruins,
          kennysheep_generic_room_14
D:8:      layout_gridville, uniq_joseph, uniq_erica
Temple:   bh_familiar_temple

Skill      XL: |  1  2  3  4  5  6  7  8  9 |
---------------+----------------------------+-----
Fighting       | 1 2 3 4 5 6 7 |  7.7
Ice Magic      | 5 6 7 8 9 |  9.1
Spellcasting   | 3 4 5 6 |  6.9
Dodging        | |  2.6
Stealth        | |  2.1

Action                   |  1- 3 |  4- 6 |  7- 9 || total
-------------------------+-------+-------+-------++-------
Melee: Dagger            |    31 |     1 |       ||    32
       Unarmed           |     1 |       |       ||     1
       Spear             |       |    60 |   254 ||   314
       Punch             |       |     1 |     3 ||     4
 Cast: Freeze            |    19 |     8 |     4 ||    31
       Frozen Ramparts   |     1 |     5 |    28 ||    34
       Ozocubu's Armour  |       |     3 |    18 ||    21
  Use: Scroll            |       |       |     5 ||     5
 Stab: Sleeping          |     6 |    11 |     4 ||    21
Armor: Robe              |     8 |     9 |    87 ||   104
Dodge: Dodged            |    33 |    18 |   146 ||   197
